 Dungeon Crawl Stone Soup version 0.32-a0-876-gcfddb08e57 (webtiles) character file.

Game seed: 1873651025285705662

65 jasper the Cudgeller (level 3, 0/31 HPs)
             Began as a Mountain Dwarf Fighter on Mar 31, 2024.
             Succumbed to an adder's poison
             ... on level 2 of the Dungeon.
             The game lasted 00:01:30 (1020 turns).

jasper the Cudgeller (Mountain Dwarf Fighter)       Turns: 1020, Time: 00:01:30

Health: 0/31       AC:  6    Str: 20    XL:     3   Next: 94%
Magic:  3/3        EV:  8    Int:  8    God:
Gold:   64         SH:  4    Dex:  9    Spells: 2/2 levels left

rFire   . . .        h - +0 whip
rCold   . . .        c - +0 buckler
rNeg    . . .        b - +0 scale mail
rPois   .            (no helmet)
rElec   .            (no cloak)
rCorr   .            (no gloves)
SInv    .            (no boots)
Will    .....        (no amulet) Stlth
                     (no ring)
HPRegen 0.25/turn    (no ring)
MPRegen 0.08/turn

%: no passive effects
@: lethally poisoned (0 -> -1)
A: runic magic, artefact enchanting
a: no special abilities


You were on level 2 of the Dungeon.
You visited 1 branch of the dungeon, and saw 2 of its levels.

You collected 64 gold pieces.

Inventory:

Hand Weapons
 a - a +0 flail
 h - a +0 whip (weapon)
Missiles
 l - a throwing net (quivered)
Armour
 b - a +0 scale mail (worn)
 c - a +0 buckler (worn)
Jewellery
 j - a ring of see invisible
Wands
 k - a wand of warping (6)
Potions
 d - 3 potions of might
 e - a potion of curing
 f - 2 potions of mutation {unknown}
 g - a potion of invisibility {unknown}
 i - a potion of lignification {unknown}


   Skills:
 - Level 3.2 Fighting
 + Level 5.2 Maces & Flails
 - Level 3.2 Armour
 - Level 3.2 Shields


You had 2 spell levels left.
You didn't know any spells.
Your spell library contained the following spells:

 Spells                   Type           Power      Damage    Failure   Level
 Fugue of the Fallen      Necr           0%         N/A       91%         3
 Ozocubu's Armour         Ice            0%         N/A       91%         3
 Dispersal                Tloc           0%         N/A       100%        6
 Gell's Gavotte           Tloc           0%         2d(11-16) 100%        6
 Manifold Assault         Tloc           0%         N/A       100%        7
 Disjunction              Tloc           0%         N/A       100%        8


Dungeon Overview and Level Annotations

Branches:
Dungeon (2/15)

Altars:


Innate Abilities, Weirdness & Mutations

Your spellcasting is much less encumbered by armour.
You can use scrolls of enchantment on lesser artefacts.


Message History

You take 3 damage, and have 16/31 hp.
You hit the adder.
The adder is moderately wounded.
You feel sick. The adder bites you.
You take 5 damage, and have 11/31 hp.
You hit the adder.
The adder is almost dead.
You feel sick. The adder barely misses you.
You take 2 damage, and have 9/31 hp.
You hit the adder.
You kill the adder!
You feel sick.
You take 1 damage, and have 8/31 hp.
You barely miss the ribbon worm.
You feel sick. The ribbon worm bites you.
* * * LOW HITPOINT WARNING * * *
You whack the ribbon worm!
The ribbon worm is moderately wounded.
You feel sick.
The ribbon worm expels a string of sticky webbing.
You block the stream of webbing.
You barely miss the ribbon worm.
The ribbon worm is moderately wounded.
You feel sick.
You take 4 damage, and have 4/31 hp.
You hit the ribbon worm but do no damage.
The ribbon worm is moderately wounded.
You feel sick. The ribbon worm bites you.
* * * LOW HITPOINT WARNING * * *
You take 2 damage, and have 2/31 hp.
You hit the ribbon worm.
The ribbon worm is heavily wounded.
* * * LOW HITPOINT WARNING * * *
You feel sick.
The ribbon worm bites you but does no damage.
You hit the ribbon worm.
The ribbon worm is severely wounded.
You take 1 damage, and have 1/31 hp.
You hit the ribbon worm.
The ribbon worm is almost dead.
You die...

####### ####......
.......#$.
#.#.#....###
#......#...##
##.#.#..#.... #
........##.####.####!
####....w@..†........
#....##..#######.#
#.....##......#
#.........#...#
########......##
#.##...... #.#..####.
#...####.. #..###....


You could see a ribbon worm (catching breath).

Vanquished Creatures
  3 adders (D:2)
  2 dart slugs (D:1)
  A ball python (D:1)
  6 endoplasms
  2 giant cockroaches
  2 goblins
  2 quokkas (D:1)
  5 bats
  3 frilled lizards
  4 kobolds (D:1)
  4 rats (D:1)
34 creatures vanquished.

Notes
Turn   | Place    | Note
-------+----------+-------------------------------------------
     0 | D:1      | jasper the Mountain Dwarf Fighter began the quest for the
                  | Orb.
     0 | D:1      | Reached XP level 1. HP: 19/19 MP: 1/1
    59 | D:1      | Reached skill level 3 in Maces & Flails
   114 | D:1      | Reached XP level 2. HP: 16/26 MP: 2/2
   423 | D:1      | Reached skill level 4 in Maces & Flails
   595 | D:1      | Reached XP level 3. HP: 26/31 MP: 3/3
   956 | D:2      | Reached skill level 5 in Maces & Flails
  1018 | D:2      | HP: 1/31 [poisoned by an adder]
  1020 | D:2      | Succumbed to an adder's poison

Illustrated notes

Levels and vault maps discovered:
D:1:      spicycebolla_arrival_clurvy, layout_loops_ring,
          grunt_decor_resistance, minmay_unequal
D:2:      layout_rooms, serial_glass, glass_columns_a, glass_columns_b,
          glass_columns_c, glass_columns_a, glass_columns_a, glass_columns_c,
          glass_columns_a, glass_columns_a

Skill      XL: |  1  2  3 |
---------------+----------+-----
Maces & Flails | 3 4 5 |  5.2
Fighting       | |  3.2
Armour         | |  3.2
Shields        | |  3.2

Action                     || total
---------------------------++-------
  Melee: Flail             ||    15
         Whip              ||   108
  Throw: Throwing net      ||     1
    Use: Scroll            ||     4
 Armour: Scale mail        ||    79
  Dodge: Dodged            ||    42
  Block: Buckler           ||    16

Table legend: (Time is in decaauts)
 A = Elapsed time spent in this place.
 B = Non-inter-level travel time spent in this place.
 C = Inter-level travel time spent in this place.
 D = Time resting spent in this place.
 E = Time spent auto-exploring this place.
 F = Levels seen in this place.
 G = Mean time per level.
                   A        B        C        D        E       F      G
               +--------+--------+--------+--------+--------+-----+--------+
         Total |   1014 |   1001 |     13 |     72 |    649 |   2 |  507.0 |
       Dungeon |   1014 |   1001 |     13 |     72 |    649 |   2 |  507.0 |
               +--------+--------+--------+--------+--------+-----+--------+

Top non-repeatable levels by time:
     D:1: 892 daAuts
     D:2: 122 daAuts
